 Dungeon Crawl Stone Soup version 0.30.1-11-g7821555f0a (webtiles) character file.

Game seed: 4710407675496931143

34 comborobin the Sneak (level 3, -4/33 HPs)
             Began as a Minotaur Delver on Nov 20, 2023.
             Killed from afar by Natasha (7 damage)
             ... with a magic dart
             ... on level 4 of the Dungeon.
             The game lasted 00:01:08 (284 turns).

comborobin the Sneak (Minotaur Delver)               Turns: 284, Time: 00:01:09

Health: -4/33      AC:  3    Str: 16    XL:     3   Next: 14%
Magic:  2/2        EV: 12    Int:  7    God:
Gold:   0          SH:  0    Dex: 13    Spells: 2/2 levels left

rFire   . . .        d - +0 scimitar
rCold   . . .        (no shield)
rNeg    . . .        b - +0 leather armour
rPois   .            (helmet restricted)
rElec   .            (no cloak)
rCorr   .            (no gloves)
SInv    .            (no boots)
Will    .....        (no amulet)
Stlth   ++           (no ring)
HPRegen 0.25/turn    (no ring)
MPRegen 0.08/turn

%: no passive effects
@: hasted, very quick
A: horns 2, retaliatory headbutt
a: no special abilities


You were on level 4 of the Dungeon.
You visited 1 branch of the dungeon, and saw 3 of its levels.

Inventory:

Hand Weapons
 a - a +0 hand axe
 d - a +0 scimitar (weapon)
Armour
 b - a +0 leather armour (worn)
 h - a +0 chain mail
Wands
 g - a wand of digging (1)
Scrolls
 c - a scroll of fog
 e - a scroll of fear


   Skills:
 + Level 4.1 Fighting
 * Level 3.5 Axes
 - Level 2.1 Dodging
 + Level 4.3 Stealth


You had 2 spell levels left.
You didn't know any spells.
Your spell library was empty.

Dungeon Overview and Level Annotations

Branches:
Dungeon (6/15)             Temple (0/1) D:5

Altars:

Annotations:
D:4 Natasha


Innate Abilities, Weirdness & Mutations

You have a pair of horns on your head.
You reflexively headbutt those who attack you in melee.


Message History

There is a stone staircase leading up here.
Things that are here:
a +0 chain mail; a +0 spear; a gnoll corpse
h - a +0 chain mail The gnoll closely misses you.
There are monsters nearby!
You feel yourself speed up. The gnoll hits you with a +0 flail.
The gnoll closely misses you.
You are too injured to fight recklessly!
You are too injured to fight recklessly!
You barely miss the gnoll. You headbutt the gnoll.
The gnoll is moderately wounded.
The gnoll hits you with a +0 flail.
The gnoll hits you from afar with a +0 halberd!
* * * LOW HITPOINT WARNING * * *
You hit the gnoll.
The gnoll is severely wounded.
The gnoll misses you. x2
Aiming: Dig
Press: ? - help, Shift-Dir - straight line You can't see that place.
The rock shatters into small pieces.
There is a stone staircase leading up here.
The gnoll shouts!
The gnoll hits you with a +0 club.
* * * LOW HITPOINT WARNING * * *
You climb upwards.
Level annotation: Natasha
There is a stone staircase leading down here.
A gnoll comes into view. It is wielding a +0 spear.
The gnoll shouts!
There is a stone staircase leading down here.
A hobgoblin comes into view.
Found 13 gold pieces.
Natasha hisses angrily.
Natasha wildly gestures.
You feel disoriented. Natasha casts a spell at you. The magic dart hits you!
You die...

#........$# #
#....<....# .#
#.......g.##.##
#.......h......
##.......#.....
#............
##....$....#
####..........#####.##.
..............@........
.........>....#.###.##.
.............##.#
.....g......###.#
.........######.###.##
............g..........
..##...#######.........
# #### ##........
#########


You could see Natasha and a hobgoblin (wandering).

Vanquished Creatures
  3 gnolls (D:5)
  A worm (D:4)
4 creatures vanquished.

Notes
Turn   | Place    | Note
-------+----------+-------------------------------------------
     0 | D:5      | comborobin the Minotaur Delver began the quest for the Orb.
     0 | D:5      | Reached XP level 1. HP: 19/19 MP: 0/0
    44 | D:4      | Noticed Natasha
    71 | D:5      | Reached XP level 2. HP: 3/27 MP: 1/1
   241 | D:5      | Reached XP level 3. HP: 29/33 MP: 2/2
   274 | D:5      | HP: 1/33 [gnoll/+0 club (6)]
   284 | D:4      | Killed from afar by Natasha

Illustrated notes

Levels and vault maps discovered:
D:4:      layout_rooms, dreamdust_divine_triumvirate, minmay_tree_intersection,
          kennysheep_path_1, minmay_increasing_density, uniq_natasha
D:5:      layout_layer_cave, minmay_temple_entry_butterflies, uniq_pikel,
          uniq_menkaure, uniq_sigmund
D:6:      minmay_flawed_box, layout_loops_cross, nemelex_spade_bored_becter,
          overflow_temple_1_default

Skill      XL: |  1  2 |
---------------+-------+-----
Axes           | 3 |  3.5
Fighting       | 4 |  4.1
Dodging        | |  2.1
Stealth        | |  4.3

Action                     || total
---------------------------++-------
  Melee: Scimitar          ||    18
         Headbutt          ||     4
  Evoke: Wand              ||     2
    Use: Scroll            ||     1
         Potion            ||     1
 Armour: Leather armour    ||     2
  Dodge: Dodged            ||    14
